 Dungeon Crawl Stone Soup version 0.28.0-45-g0d030f2227 (webtiles) character file.

Game seed: 227803680827596006

181 MisterFreud the Cutter (level 5, -2/34 HPs)
             Began as an Octopode Gladiator on May 27, 2022.
             Killed from afar by Natasha (10 damage)
             ... with a magic dart
             ... on level 3 of the Dungeon.
             The game lasted 00:02:45 (2830 turns).

MisterFreud the Cutter (Octopode Gladiator)         Turns: 2830, Time: 00:02:46

Health: -2/34      AC:  1    Str: 13    XL:     5   Next: 61%
Magic:  5/5        EV: 14    Int: 17    God:
Gold:   100        SH:  0    Dex: 15    Spells: 4/4 levels left

rFire   . . .      SeeInvis +   a - +1 rapier
rCold   . . .      Faith    .   (no shield)
rNeg    . . .      Spirit   .   b - +0 hat
rPois   .          Reflect  .   (no amulet)
rElec   .          Harm     .   g - +6 ring of intelligence
rCorr   .          Rampage  .   h - ring of see invisible
Will    .....                   (no ring)
Stlth   ++........              (no ring)
HPRegen 0.11/turn               (no ring)
MPRegen 0.09/turn               (no ring)
                                (no ring)
                                (no ring)

@: no status effects
A: almost no armour, amphibious, 8 rings, camouflage 1, gelatinous body 1,
(nimble swimmer 1), tentacles
a: no special abilities


You were on level 3 of the Dungeon.
You visited 1 branch of the dungeon, and saw 3 of its levels.

You collected 100 gold pieces.

Inventory:

Hand Weapons
 a - a +1 rapier (weapon)
Missiles
 c - 3 throwing nets (quivered)
 i - 2 javelins
 m - 6 curare-tipped darts
Armour
 b - a +0 hat (worn)
Jewellery
 g - a +6 ring of intelligence (left tentacle)
 h - a ring of see invisible (right tentacle)
 j - a ring of ice
 p - a +4 ring of evasion
Wands
 d - a wand of polymorph (8)
Scrolls
 f - a scroll of vulnerability
 l - a scroll of identify
 n - a scroll of blinking {unknown}
Potions
 e - a potion of curing
 k - a potion of might
 o - a potion of cancellation {unknown}


   Skills:
 - Level 2.0 Fighting
 - Level 6.0 Short Blades
 - Level 2.0 Throwing
 + Level 3.2 Dodging


You had 4 spell levels left.
You didn't know any spells.
Your spell library contained the following spells:

 Spells                   Type           Power      Damage    Failure   Level
 Stone Arrow              Conj/Erth      0%         3d7       56%         3
 Lehudib's Crystal Spear  Conj/Erth      0%         10d2      100%        8
 Animate Armour           Summ/Erth      Unusable   N/A       N/A         4

Dungeon Overview and Level Annotations

Branches:
Dungeon (3/15)

Altars:
Cheibriados
Zin

Annotations:
D:3 Natasha


Innate Abilities, Weirdness & Mutations

You cannot wear most types of armour.
You are amphibious.
You can wear up to eight rings at the same time.
Your skin changes colour to match your surroundings (Stealth+).
Your rubbery body absorbs attacks. (AC +1, EV +1)
((You are camouflaged when in or above water. (Stealth+)))
You have tentacles for arms and can constrict up to eight enemies at once.


Message History

You release your grip on the adder.
You feel sick.
You are no longer poisoned.
You closely miss the adder. Your grab misses the adder.
You squeeze the adder, but do no damage.
The adder is heavily wounded.
The adder bites you. Natasha casts a spell at you. The magic dart hits you!
* * * LOW HITPOINT WARNING * * *
The adder misses you. The adder bites you.
* * * LOW HITPOINT WARNING * * *
You are poisoned.
The adder poisons you!
* * * LOW HITPOINT WARNING * * *
You feel sick.
You hit the adder but do no damage. You grab the adder. You squeeze the adder!
You kill the adder!
You feel sick.
Natasha wildly gestures.
Natasha's front paws start to glow.
Unknown command.
You feel better.
You hit the ball python. Your grab misses the ball python.
The ball python is heavily wounded.
The ball python barely misses you. The ball python misses you.
You closely miss Natasha. You grab Natasha. You constrict Natasha.
The ball python closely misses you. x2
Natasha casts a spell at you. The magic dart hits you.
* * * LOW HITPOINT WARNING * * *
You puncture Natasha! Your squeeze misses Natasha.
Natasha is severely wounded.
You constrict Natasha, but do no damage.
The ball python bites you.
* * * LOW HITPOINT WARNING * * *
The ball python barely misses you. Natasha casts a spell at you.
The magic dart hits you!
You die...

......### #........ #..<#
#........ #.#....# ####.....
.# # #.#### #..... ...S #.#
#..... #.#.# ..# ##..## .....
######## #.##
.#.#.######....# ##.#
.....r....+@...# #..#
#.#.#.#.h###Sh..# ##.##
......J.S..#K...#######..#
.........#..J...........#####
.#####.###.5.........##.....#
#. #........... ##.##.. #.
#.....###+##+ #+###. #.
#.....#.....# #. #.
#.....#.....# #.


You could see Natasha, a white imp (summoned), an endoplasm, a ball python and a
kobold.

Vanquished Creatures
  Ijyb (D:3)
  2 orc wizards (D:3)
  A mummy (D:3)
  2 adders
  A worm (D:2)
  3 dart slugs (D:1)
  3 orcs (D:3)
  5 endoplasms
  3 giant cockroaches
  4 goblins
  7 hobgoblins
  4 jackals (D:2)
  4 kobolds
  2 quokkas (D:2)
  10 ball pythons
  5 bats
  2 frilled lizards (D:1)
  5 rats
64 creatures vanquished.

Notes
Turn   | Place    | Note
-------+----------+-------------------------------------------
     0 | D:1      | MisterFreud the Octopode Gladiator began the quest for the
                  | Orb.
     0 | D:1      | Reached XP level 1. HP: 14/14 MP: 1/1
   150 | D:1      | Found a faded altar of an unknown god.
   223 | D:1      | Reached XP level 2. HP: 19/19 MP: 2/2
   658 | D:1      | Reached skill level 4 in Short Blades
   670 | D:1      | Reached XP level 3. HP: 24/24 MP: 3/3
  1490 | D:2      | Reached XP level 4. HP: 26/29 MP: 4/4
  2144 | D:2      | Reached skill level 5 in Short Blades
  2359 | D:3      | Noticed Ijyb
  2373 | D:3      | Killed Ijyb
  2625 | D:3      | Found a snail-covered altar of Cheibriados.
  2635 | D:3      | Reached XP level 5. HP: 31/34 MP: 5/5
  2714 | D:3      | Reached skill level 6 in Short Blades
  2764 | D:3      | Found a glowing silver altar of Zin.
  2816 | D:3      | Noticed Natasha
  2830 | D:3      | Killed from afar by Natasha

Illustrated notes

Levels and vault maps discovered:
D:1:      tarquinn_simple_flora_water_d, layout_basic,
          shapermc_ecumenical_altar_mp_urbaneastern, minmay_tall_x
D:2:      layout_basic, st_stairs_4, minmay_misc_feat_chi, minmay_statues_item
D:3:      layout_basic, slow_altar_1, mainiacjoe_overflow_24_doors,
          minmay_misc_feat_five, minmay_misc_feat_diagonals, st_stairs_11,
          uniq_ijyb, uniq_natasha

Skill      XL: |  1  2  3  4  5 |
---------------+----------------+-----
Short Blades   | 4 5 6 |  6.0
Fighting       | |  2.0
Throwing       | |  2.0
Dodging        | |  3.2

Action                   |  1- 3 |  4- 6 || total
-------------------------+-------+-------++-------
Melee: Rapier            |    72 |    60 ||   132
       Constrict         |    19 |    15 ||    34
       Tentacles         |    13 |    17 ||    30
       Unarmed           |       |    10 ||    10
  Use: Scroll            |     3 |     2 ||     5
       Potion            |       |     1 ||     1
 Stab: Sleeping          |    12 |     1 ||    13
Armor: Skin              |     5 |     4 ||     9
Dodge: Dodged            |    48 |    41 ||    89
